 Dungeon Crawl Stone Soup version 0.28-a0-664-gc179e30c89 (webtiles) character file.

Game seed: 1279255342781180578

53 spiderkeys the Skirmisher (level 3, -1/30 HPs)
             Began as a Barachi Abyssal Knight on Oct 15, 2021.
             Was a Follower of Lugonu.
             Slain by Terence (4 damage)
             ... on level 3 of the Dungeon.
             The game lasted 00:04:10 (2194 turns).

spiderkeys the Skirmisher (Barachi Abyssal Knight)  Turns: 2194, Time: 00:04:11

Health: -1/30      AC: 12    Str: 15    XL:     3   Next: 87%
Magic:  4/4        EV:  9    Int: 10    God:    Lugonu [*.....]
Gold:   88         SH:  0    Dex: 12    Spells: 2/2 levels left

rFire   . . .      SeeInvis .   a - +1 falchion
rCold   . . .      Faith    .   (no shield)
rNeg    . . .      Spirit   .   c - +2 scale mail {rPois}
rPois   +          Reflect  .   (no helmet)
rElec   .          Harm     .   g - +2 cloak {Will+}
rCorr   .          Rampage  .   (no gloves)
Will    +....                   (no boots)
Stlth   ..........              (no amulet)
HPRegen 0.10/turn               (no ring)
MPRegen 0.09/turn               (no ring)

@: unable to hop, slow
A: amphibious, slowness 1, strong legs 1, +LOS
a: Hop, Renounce Religion, Depart the Abyss


You were on level 3 of the Dungeon.
You worshipped Lugonu.
Lugonu was aware of your devotion.
You visited 1 branch of the dungeon, and saw 3 of its levels.
You visited the Abyss 1 time.

You collected 88 gold pieces.


Innate Abilities, Weirdness & Mutations

You are amphibious.
You cover ground slowly.
You can hop short distances.
You have an extended range of vision and can be seen from far away.


   Skills:
 + Level 4.2 Fighting
 + Level 3.2 Long Blades
 + Level 3.2 Armour
 - Level 1.1 Dodging
 + Level 2.1 Invocations


You had 2 spell levels left.
You didn't know any spells.
Your spell library was empty.

Inventory:

Hand Weapons
 a - a +1 falchion (weapon)
Missiles
 d - 42 stones
 e - 14 arrows
 i - 17 bolts
Armour
 b - a +0 leather armour
 c - a +2 scale mail of poison resistance (worn)
   (You found it on level 2 of the Abyss)
 g - a +2 cloak of willpower (worn)
   (You found it on level 1 of the Dungeon)
Scrolls
 h - a scroll of teleportation {@r4}
 k - 2 scrolls of blinking {!r}
Potions
 j - 2 potions of curing {@q1}
 l - 2 potions of mutation {unknown}

Dungeon Overview and Level Annotations

Branches:
Dungeon (3/15)

Altars:

Annotations:
D:2 Sigmund
D:3 Terence

### ##.## ##.#.##
#####.###.## #..).##
##.# .! #####.###.##
.#.. #..#.#.##
#.....#.@##.######.####
#....○##..<<........
#....@#########.####
###...# ##.## .. ...
###


You could see Terence.


Message History

You hit the frilled lizard.
You kill the frilled lizard!
Lugonu accepts your kill. Something hits you but does no damage.
Okay, then.
Something hits you but does no damage. 😕 HP[+1]
You feel less wooden.
Your +2 scale mail of poison resistance unmelds from your body.
You feel resistant to poison. Something hits you. 😮 HP[-14]
You now have 30 max hp (-15).
As you read the scroll of teleportation {@r4}, it crumbles to dust.
You feel strangely unstable.
You hear a zap.
You turn into an insubstantial wisp.
Your +1 falchion melds into your body.
Your +2 scale mail of poison resistance melds into your body.
You no longer feel resistant to poison.
Your surroundings suddenly seem different.
You start resting.
Your transformation is almost over.
Your transformation has ended.
Your +1 falchion unmelds from your body.
Your +2 scale mail of poison resistance unmelds from your body.
You feel resistant to poison. 😎 HP[+9]
Your hp is fully restored (30).
You start putting on your armour.
You continue putting on your +2 cloak of willpower. x4
You finish putting on your +2 cloak of willpower.
You feel strong-willed.
There is a stone staircase leading down here.
You climb downwards.
Reactivating autopickup.
Found an escape hatch in the ceiling.
There is a stone staircase leading up here.
There is an escape hatch in the ceiling here.
A kobold comes into view. It is wielding a +0 short sword.
The kobold shouts!
The kobold hits you but does no damage.
You closely miss the kobold. The kobold barely misses you.
You miss the kobold. The kobold hits you but does no damage.
You closely miss the kobold. The kobold hits you but does no damage.
The kobold barely misses you.
You hit the kobold. The kobold hits you but does no damage.
You closely miss the kobold.
The kobold hits you with a +0 short sword. 😕 HP[-1]
You take 1 damage, and now have 29/30 hp.
You slash the kobold!
You kill the kobold!
Lugonu accepts your kill.
Terence the Incautious comes into view.
He is wielding a +0 trident.
Terence shouts! 😎 HP[+1]
Your hp is fully restored (30).
Terence says, "Don't bother to defend, it's senseless."
Terence hits you with a +0 trident. 😕 HP[-2]
You take 2 damage, and now have 28/30 hp.
You hit Terence. Terence closely misses you.
You hit Terence but do no damage. Terence hits you but does no damage.
You hit Terence. Terence barely misses you.
You hit Terence.
Terence hits you with a +0 trident. 😕 HP[-4]
You take 4 damage, and now have 24/30 hp.
You hit Terence.
Terence hits you with a +0 trident. 😮 HP[-3]
You take 3 damage, and now have 21/30 hp.
You are too injured to fight recklessly!
You are too injured to fight recklessly!
You are too injured to fight recklessly!
You barely miss Terence. Terence closely misses you. Terence barely misses you.
You hit Terence but do no damage. Terence closely misses you.
You hit Terence.
Terence hits you with a +0 trident. 😮 HP[-4]
You take 4 damage, and now have 17/30 hp.
You hit Terence but do no damage. Terence closely misses you.
You hit Terence but do no damage. Terence hits you but does no damage.
You closely miss Terence. Terence hits you with a +0 trident!
* * * LOW HITPOINT WARNING * * *
😨 HP[-7]
You take 7 damage, and now have 10/30 hp.
MASSIVE DAMAGE!! (PAUSE)
You hit Terence. Terence barely misses you.
You hit Terence but do no damage. Terence closely misses you.
Terence hits you but does no damage. 😨 HP[+1]
You hit Terence. Terence barely misses you.
Your scale mail prevents you from hitting Terence.
Terence hits you with a +0 trident!
* * * LOW HITPOINT WARNING * * *
😱 HP[-8]
You take 8 damage, and now have 3/30 hp.
MASSIVE DAMAGE!! (PAUSE) Hop to where?
Press: ? - help, Dir - move target Boing!
Terence hits you from afar with a +0 trident.
You die...

Skill      XL: |  1  2  3 |
---------------+----------+-----
Fighting       | 4 |  4.2
Invocations    | 2 |  2.1
Long Blades    | 3 |  3.2
Armour         | 3 |  3.2
Dodging        | |  1.1

Action                   || total
-------------------------++-------
Melee: Falchion          ||   123
Invok: Depart the Abyss  ||     1
 Abil: Hop               ||     1
  Use: Scroll            ||     4
Armor: Scale mail        ||    69
       Skin              ||    15
Dodge: Dodged            ||    56

Levels and vault maps discovered:
D:1:      dpeg_arrival_boxorama, layout_basic, basic_ecumenical_altar
D:2:      kennysheep_big_flooded_room, layout_loops_ring,
          kennysheep_generic_room_2, uniq_sigmund
D:3:      layout_loops_ring, serial_shops, shop, hangedman_decor_push,
          hex_medium, uniq_terence

Notes
Turn   | Place    | Note
-------+----------+-------------------------------------------
     0 | Abyss:1  | spiderkeys the Barachi Abyssal Knight began the quest for
                  | the Orb.
     0 | Abyss:1  | Reached XP level 1. HP: 18/18 MP: 2/2
     0 | Abyss:1  | magus.rc [v1.9.10]
    49 | Abyss:2  | Noticed a large abomination
    83 | Abyss:2  | Noticed a large abomination
    86 | Abyss:3  | Found a corrupted altar of Lugonu.
   104 | Abyss:3  | Noticed a thrashing horror
   104 | Abyss:3  | Noticed a thrashing horror
   104 | Abyss:3  | Noticed a thrashing horror
   104 | D:1      | You pass through the gate.
   104 | D:1      | Escaped the Abyss
   254 | D:1      | Reached XP level 2. HP: 16/25 MP: 3/3
   378 | D:1      | Found a faded altar of an unknown god.
   427 | D:1      | Reached * piety under Lugonu
   806 | D:1      | Reached skill level 4 in Fighting
   806 | D:1      | Reached skill level 2 in Invocations
   891 | D:1      | Reached XP level 3. HP: 30/30 MP: 4/4
  1012 | D:1      | Reached skill level 3 in Long Blades
  1012 | D:1      | Reached skill level 3 in Armour
  2023 | D:2      | Noticed Sigmund
  2175 | D:3      | Noticed Terence
  2193 | D:3      | HP: 3/30 [Terence (8)]
  2194 | D:3      | Slain by Terence

Vanquished Creatures
  An adder (D:2)
  2 dart slugs
  2 ball pythons
  3 bats (D:1)
  7 endoplasms
  2 giant cockroaches (D:1)
  3 goblins
  4 hobgoblins
  4 kobolds
  3 quokkas
  2 frilled lizards (D:2)
  2 rats (D:1)
35 creatures vanquished.

Table legend:
 A = Non-vault XP
 B = Vault XP
 C = Vault XP percentage of total XP
 D = Non-vault monster count
 E = Vault monster count
 F = Vault count percentage of total count
                 A         B        C        D         E       F
            +---------+---------+-------+---------+---------+-------
      Total |      71 |       5 |   6.6 |      32 |       3 |   8.6
            +---------+---------+-------+---------+---------+-------
        D:1 |      43 |       0 |   0.0 |      23 |       0 |   0.0
        D:2 |      27 |       5 |  15.6 |       8 |       3 |  27.3
        D:3 |       1 |       0 |   0.0 |       1 |       0 |   0.0
            +---------+---------+-------+---------+---------+-------

Illustrated notes

Table legend:
 A = Kills in this place as a percentage of kills in entire the game.
 B = Kills by you in this place as a percentage of kills by you in the entire game.
 C = Kills by friends in this place as a percentage of kills by friends in the entire game.
 D = Other kills in this place as a percentage of other kills in the entire game.
 E = Experience gained in this place as a percentage of experience gained in the entire game.
 F = Experience gained in this place divided by the number of levels of this place that you have seen.
                   A       B       C       D       E      F
               +-------+-------+-------+-------+-------+----------------------
         Total | 100.0 | 100.0 |   N/A |   N/A | 100.0 |  12.7
       Dungeon | 100.0 | 100.0 |   N/A |   N/A | 100.0 |  25.3
               +-------+-------+-------+-------+-------+----------------------

Table legend: (Time is in decaauts)
 A = Elapsed time spent in this place.
 B = Non-inter-level travel time spent in this place.
 C = Inter-level travel time spent in this place.
 D = Time resting spent in this place.
 E = Time spent auto-exploring this place.
 F = Levels seen in this place.
 G = Mean time per level.
                   A        B        C        D        E       F      G
               +--------+--------+--------+--------+--------+-----+--------+
         Total |   2511 |   2481 |     30 |     82 |   2048 |   6 |  418.5 |
       Dungeon |   2390 |   2360 |     30 |     82 |   1982 |   3 |  796.7 |
         Abyss |    120 |    120 |      0 |      0 |     66 |   3 |   40.0 |
               +--------+--------+--------+--------+--------+-----+--------+

Top non-repeatable levels by time:
     D:1: 1267 daAuts
     D:2: 1069 daAuts
 Abyss:2: 58 daAuts
     D:3: 54 daAuts
 Abyss:1: 40 daAuts
 Abyss:3: 21 daAuts
